 Dungeon Crawl Stone Soup version 0.30-a0-305-g026cb31310 (webtiles) character file.

Game seed: 4164496275405594490

25 billz999 the Sneak (level 2, 0/19 HPs)
             Began as a Vampire Earth Elementalist on Oct 22, 2022.
             Slain by Sigmund
             ... wielding a +0 scythe
              (10 damage)
             ... on level 2 of the Dungeon.
             The game lasted 00:01:35 (854 turns).

billz999 the Sneak (Vampire Earth Elementalist)      Turns: 854, Time: 00:01:36

Health: 0/19       AC:  2    Str:  7    XL:     2   Next: 86%
Magic:  4/4        EV: 12    Int: 17    God:
Gold:   68         SH:  0    Dex: 14    Spells: 4/5 levels left

rFire   + . .      SeeInvis +    h - +0 dagger
rCold   + . .      Faith    .    (no shield)
rNeg    . . .      Spirit   .    a - +0 robe
rPois   +          Reflect  .    (no helmet)
rElec   +          Harm     .    (no cloak)
rCorr   +          Rampage  .    (no gloves)
Will    .....                    (no boots)
Stlth   +.........               j - amulet of magic regeneration
HPRegen 0.43/turn                (no ring)
MPRegen 0.49/turn                (no ring)

@: confused, brilliant, resistant, healing quickly
A: alive, fangs 3, see invisible, vampiric 1, low MP 1
a: Exsanguinate


You were on level 2 of the Dungeon.
You visited 1 branch of the dungeon, and saw 2 of its levels.

You collected 68 gold pieces.

Inventory:

Hand Weapons
 h - a +0 dagger (weapon)
Missiles
 f - 4 poisoned darts (quivered)
Armour
 a - a +0 robe (worn)
Jewellery
 j - an amulet of magic regeneration (around neck)
Scrolls
 d - a scroll of identify {unknown}
 g - a scroll of blinking {unknown}
 i - a scroll of teleportation {unknown}
Potions
 b - a potion of magic


   Skills:
 - Level 2.1 Dodging
 + Level 5.4 Stealth
 - Level 2.0 Spellcasting
 - Level 1.1 Transmutations
 - Level 3.0 Earth Magic


You had 4 spell levels left.
You knew the following spells:

 Your Spells              Type           Power      Damage    Failure   Level
a - Sandblast             Erth           34%        2d9       5%          1

Your spell library contained the following spells:

 Spells                   Type           Power      Damage    Failure   Level
 Passwall                 Tmut/Erth      10%        N/A       13%         2
 Magic Dart               Conj           8%         1d3       19%         1
 Slow                     Hex            8%         N/A       19%         1
 Summon Small Mammal      Summ           8%         N/A       19%         1
 Searing Ray              Conj           4%         2d4       28%         2
 Stone Arrow              Conj/Erth      20%        3d8       30%         3
 Call Canine Familiar     Summ           2%         N/A       50%         3
 Confusing Touch          Hex            2%         N/A       50%         3
 Summon Guardian Golem    Hex/Summ       2%         N/A       50%         3
 Vampiric Draining        Necr           2%         2d6       50%         3
 Petrify                  Tmut/Erth      13%        N/A       63%         4
 Fulminant Prism          Conj/Hex       1%         3d6       88%         4


Dungeon Overview and Level Annotations

Branches:
Dungeon (2/15)

Altars:

Shops:
D:1 [

Annotations:
D:2 Sigmund


Innate Abilities, Weirdness & Mutations

Your natural rate of healing is accelerated.
You have razor-sharp teeth.
You have supernaturally acute eyesight. (SInv)
You are afflicted with vampirism.
Your magical capacity is low. (-10% MP)


Message History

Casting: Sandblast (safe; 5% risk of failure)
Confirm with . or Enter, or press ? or * to list all spells.
Aiming: Sandblast (safe; 5% risk of failure)
Press: ? - help, Shift-Dir - straight line, f - kobold
Aim: a kobold, wielding a +0 club (asleep, 100% to hit)
The blast of sand hits the kobold!
You kill the kobold!
You see here a book of Geomancy.
Found an escape hatch in the ceiling.
There is an escape hatch in the ceiling here.
Found a scale mail.
Sigmund the Dreaded comes into view.
He is wielding a +0 scythe.
Sigmund is nearby!
Sigmund shouts!
Casting: Sandblast (safe; 5% risk of failure)
Confirm with . or Enter, or press ? or * to list all spells.
Aiming: Sandblast (safe; 5% risk of failure)
Press: ? - help, Shift-Dir - straight line, f - Sigmund
Aim: Sigmund, wielding a +0 scythe and wearing a +0 robe (80% to hit)
The blast of sand hits Sigmund!
Sigmund is heavily wounded.
Sigmund gestures at you while chanting.
You are confused.
Sigmund gestures at you while chanting.
You are more confused.
Sigmund gestures at you while chanting. The puff of flame hits you!
Ouch! That really hurt!
You bump into the rock wall.
Sigmund closely misses you.
It was a potion of mutation.
You feel extremely strange.
You feel less energetic.
Sigmund is suddenly surrounded by pale red light.
Sigmund closely misses you.
It was a potion of brilliance.
You feel clever all of a sudden.
It was a potion of resistance.
You feel protected.
Sigmund hits you from afar with a +0 scythe!
Ouch! That really hurt!
You die...

####..###.#.###.##.....#.#
##..#.###.#.######.##.#
#>#.## ##......†.....#
#.#.# #########.#### ..#.#
#.# ####.# #.# ..# #<#
###############.#
#..@.@........#
#.#############


You could see Sigmund.

Vanquished Creatures
  2 dart slugs
  3 bats
  3 endoplasms (D:1)
  2 giant cockroaches (D:1)
  A hobgoblin (D:1)
  A kobold (D:2)
  2 quokkas (D:1)
  2 ball pythons (D:1)
  A goblin (D:1)
  3 rats (D:1)
20 creatures vanquished.

Notes
Turn   | Place    | Note
-------+----------+-------------------------------------------
     0 | D:1      | billz999 the Vampire Earth Elementalist began the quest for
                  | the Orb.
     0 | D:1      | Reached XP level 1. HP: 13/13 MP: 3/3
   110 | D:1      | Found Toahao's Antique Armour Shop.
   164 | D:1      | Reached skill level 4 in Stealth
   238 | D:1      | Reached XP level 2. HP: 19/19 MP: 1/5
   396 | D:1      | Found a faded altar of an unknown god.
   530 | D:1      | Reached skill level 5 in Stealth
   845 | D:2      | Noticed Sigmund
   852 | D:2      | Gained mutation: Your magical capacity is low. (-10% MP)
                  | [potion of mutation]
   854 | D:2      | Slain by Sigmund

Illustrated notes

Levels and vault maps discovered:
D:1:      scummos_arrival_simple_fountains, layout_basic, serial_shops, shop,
          hellmonk_ecumenical_altar_arch_garden
D:2:      layout_loops_ring, basic_altar, uniq_sigmund

Skill      XL: |  1  2 |
---------------+-------+-----
Stealth        | 4 5 |  5.4
Dodging        | |  2.1
Spellcasting   | |  2.0
Transmutations | |  1.1
Earth Magic    | |  3.0

Action                   || total
-------------------------++-------
Melee: Unarmed           ||     3
       Dagger            ||     1
 Cast: Sandblast         ||    26
  Use: Potion            ||     3
 Stab: Sleeping          ||     3
Armor: Robe              ||     1
Dodge: Dodged            ||     5

Table legend: (Time is in decaauts)
 A = Elapsed time spent in this place.
 B = Non-inter-level travel time spent in this place.
 C = Inter-level travel time spent in this place.
 D = Time resting spent in this place.
 E = Time spent auto-exploring this place.
 F = Levels seen in this place.
 G = Mean time per level.
                   A        B        C        D        E       F      G
               +--------+--------+--------+--------+--------+-----+--------+
         Total |    866 |    848 |     18 |      0 |    719 |   2 |  433.0 |
       Dungeon |    866 |    848 |     18 |      0 |    719 |   2 |  433.0 |
               +--------+--------+--------+--------+--------+-----+--------+

Top non-repeatable levels by time:
     D:1: 731 daAuts
     D:2: 135 daAuts
